 Dungeon Crawl Stone Soup version 0.28.0-43-g3370ac3207 (webtiles) character file.

Game seed: 7286989782387599402

69918 croobank the Axe Maniac (level 15, -13/195 HPs)
             Began as a Hill Orc Fighter on Mar 15, 2022.
             Was the Champion of Beogh.
             Mangled by a freezing wraith (17 damage)
             ... on level 15 of the Dungeon on Mar 16, 2022.
             The game lasted 02:13:43 (28057 turns).

croobank the Axe Maniac (Hill Orc Fighter)         Turns: 28057, Time: 02:13:48

Health: -13/195    AC: 22    Str: 27    XL:     15   Next: 31%
Magic:  0/20       EV: 11    Int:  8    God:    Beogh [******]
Gold:   1897       SH:  0    Dex: 10    Spells: 14/14 levels left

rFire   + + .      SeeInvis .   a - +6 battleaxe (spect)
rCold   . . .      Faith    .   (shield currently unavailable)
rNeg    . . .      Spirit   +   J - +2 plate armour {rF+}
rPois   .          Reflect  .   s - +0 helmet
rElec   .          Harm     .   r - +0 cloak
rCorr   .          Rampage  .   i - +0 pair of gloves
Will    +....                   t - +0 pair of boots
Stlth   ..........              g - amulet of guardian spirit
HPRegen 0.42/turn               Y - ring of protection from fire
MPRegen 0.17/turn               l - +4 ring of evasion

@: berserking, slowed
A: walk on water
a: Renounce Religion, Smiting, Recall Orcish Followers, Give Item to Named
Follower, Resurrection


You were on level 15 of the Dungeon.
You worshipped Beogh.
Beogh was exalted by your worship.
You visited 3 branches of the dungeon, and saw 23 of its levels.
You also visited: Sewer.

You collected 2449 gold pieces.
You spent 552 gold pieces at shops.

Inventory:

Hand Weapons
 a - a +6 spectral battleaxe (weapon)
 u - a +3 dagger of electrocution
 A - a +0 shortbow
 F - a +3 great sword
 K - a +2 antimagic flail
 P - a +3 dagger of chaos
Missiles
 w - 12 atropa-tipped darts
 y - 28 poisoned darts
 z - 3 silver boomerangs (quivered)
 C - 6 boomerangs
 E - 252 bolts
 T - 2 curare-tipped darts
 V - 22 javelins
 X - 3 silver javelins
 Z - 3 throwing nets
Armour
 i - a +0 pair of gloves (worn)
 r - a +0 cloak (worn)
 s - a +0 helmet (worn)
 t - a +0 pair of boots (worn)
 B - +1 swamp dragon scales
 J - a +2 plate armour of fire resistance (worn)
 N - a +0 plate armour
 O - a +1 ring mail of fire resistance
Jewellery
 e - a +4 ring of protection
 g - an amulet of guardian spirit (around neck)
 l - a +4 ring of evasion (right hand)
 L - a ring of protection from cold
 Y - a ring of protection from fire (left hand)
Wands
 f - a wand of iceblast (1)
 p - a wand of flame (28)
 v - a wand of digging (1)
 Q - a wand of polymorph (6)
 S - a wand of acid (13)
Scrolls
 j - 8 scrolls of teleportation
 m - 5 scrolls of magic mapping
 n - 10 scrolls of immolation
 G - 2 scrolls of identify
 W - a scroll of blinking
Potions
 b - a potion of invisibility
 c - a potion of ambrosia
 d - 9 potions of flight
 h - 2 potions of berserk rage
 k - 3 potions of might
 o - a potion of brilliance
 x - a potion of resistance
 D - 2 potions of magic
 H - 3 potions of mutation
 I - 3 potions of curing
 U - 4 potions of lignification
Miscellaneous
 q - a phial of floods
 M - a phantom mirror (inert)
 R - a box of beasts


   Skills:
 + Level 11.2 Fighting
 O Level 27 Axes
 + Level 10.3 Armour
 - Level 8.5 Shields
 + Level 6.9 Invocations


You had 14 spell levels left.
You didn't know any spells.
Your spell library contained the following spells:

 Spells                   Type           Power      Damage    Failure   Level
 Foxfire                  Conj/Fire      0%         2x1d4     98%         1
 Pain                     Necr           0%         1d4       98%         1
 Sting                    Tmut/Pois      0%         1d3       98%         1
 Ensorcelled Hibernation  Hex/Ice        0%         N/A       99%         2
 Passwall                 Tmut/Erth      0%         N/A       99%         2
 Poisonous Vapours        Pois/Air       0%         N/A       99%         2
 Conjure Flame            Conj/Fire      0%         6-21      100%        3
 Inner Flame              Hex/Fire       0%         N/A       100%        3
 Swiftness                Air            0%         N/A       100%        3
 Flame Wave               Conj/Fire      0%         2d4       100%        4
 Olgreb's Toxic Radiance  Pois           0%         N/A       100%        4
 Passage of Golubria      Tloc           0%         N/A       100%        4
 Petrify                  Tmut/Erth      0%         N/A       100%        4
 Agony                    Necr           0%         N/A       100%        5
 Excruciating Wounds      Necr           0%         N/A       100%        5
 Metabolic Englaciation   Hex/Ice        0%         N/A       100%        5
 Silence                  Hex/Air        0%         N/A       100%        5
 Statue Form              Tmut/Erth      0%         N/A       100%        6
 Lehudib's Crystal Spear  Conj/Erth      0%         10d2      100%        8


Dungeon Overview and Level Annotations

Branches:
Dungeon (15/15)            Temple (0/1) D:5            Lair (6/6) D:11
 Shoals (0/4) Lair:4       Spider (0/4) Lair:4        Slime (0/5) Lair:5
    Orc (2/2) D:10            Elf (0/3) Orc:2        Vaults (0/5) D:13
  Sewer (visited)
 Depths: D:15

Altars:
Ashenzari
Cheibriados
Gozag
Kikubaaqudgha
Sif Muna
Vehumet
Xom
Beogh
Jiyva

Shops:
D:2 ?   D:7 *   D:9 :   D:12 *   D:15 *   Orc:1 [[(   Orc:2 **!?

Annotations:
D:4 3 runed translucent doors, crimpus's ghost, novice DjFE
D:10 1 runed translucent door
D:11 2 transporters
Orc:1 1 runed translucent door, pkoi's ghost, journeyman DrWr


Message History

The five-headed hydra bites you!
The five-headed hydra bites you but does no damage.
You puncture the five-headed hydra! You freeze the five-headed hydra.
The five-headed hydra is almost dead.
Your orc warrior hits the five-headed hydra with a +0 flail!!
The five-headed hydra dies!
Beogh accepts your kill.
Your orc warrior looks more experienced.
The freezing wraith hits you but does no damage.
The freezing wraith barely misses you.
You hit the freezing wraith but do no damage.
The freezing wraith seems to grow stronger.
Your orc knight roars a battlecry!
Berold goes into a battle-frenzy!
The freezing wraith hits you. The freezing wraith freezes you!
The freezing wraith hits you. The freezing wraith drains your vigour!
You feel yourself slow down.
Berold barely misses the freezing wraith.
You hit the freezing wraith but do no damage.
The freezing wraith flickers and vanishes!
Deactivating autopickup; reactivate with Ctrl-A.
Something hits you! Something freezes you!
Something hits you but does no damage.
You feel a bond with your +6 spectral battleaxe.
a - a +6 spectral battleaxe (weapon)
Something hits you.
* * * LOW HITPOINT WARNING * * *
Something freezes you!
* * * LOW HITPOINT WARNING * * *
Something hits you.
* * * LOW HITPOINT WARNING * * *
Something drains your vigour!
You feel as though you will be slow longer.
A red film seems to cover your vision as you go berserk!
You feel yourself moving faster!
You feel mighty! Something hits you!
* * * LOW HITPOINT WARNING * * *
Something freezes you!!
* * * LOW HITPOINT WARNING * * *
Something hits you!
You die...

############ ##
...........# ..
...........# ..
.##...##...# .#
##+#####'# .#
.##........# .# #
...........#####{##...#
...........'...@o.....#
......##...##...o.....#
.#######...##.........#
##...##...########...#
#.........## ###
#..........#
#######....#
##...###'###
#....##...#


You could see a friendly orc knight (strong) and the friendly Berold the orc
knight (strong).

Vanquished Creatures
  Kirke (D:12)
  Snorg (Lair:3)
  A boulder beetle (D:12)
  Harold (Lair:1)
  A hydra (D:13)
  2 two-headed ogres
  A death knight (D:14)
  A centaur warrior (D:14)
  9 death yaks
  2 orc high priests (Orc:2)
  3 orc knights (Orc:2)
  A wolf spider (Lair:4)
  3 cyclopes
  8 ugly things
  2 orc sorcerers
  2 manticores
  6 black mambas
  A gargoyle (D:12)
  3 torpor snails (Lair:3)
  2 unseen horrors
  4 cane toads
  A kobold demonologist (D:11)
  Psyche (D:10)
  2 rime drakes
  8 komodo dragons
  6 trolls
  2 polar bears
  4 hornets
  Prince Ribbit (D:7)
  11 blink frogs
  3 shadows
  30 yaks
  3 wyverns
  2 vampires (D:13)
  7 hogs (D:12)
  2 basilisks
  A steam dragon (D:10)
  4 vampire mosquitoes
  3 redbacks
  3 wargs (Orc:1)
  An acid dragon (D:14)
  14 water moccasins
  9 orc warriors
  A black bear (D:6)
  An ice beast (D:8)
  A sky beast (D:7)
  A necrophage (D:6)
  2 wolves (Lair:5)
  3 centaurs
  5 ogres
  3 phantoms
  4 kobold brigands
  A gnoll sergeant (D:11)
  13 bullfrogs
  2 scorpions
  A water moccasin zombie (D:5)
  A water moccasin skeleton (D:5)
  2 troll zombies (D:10)
  5 centaur zombies
  13 howler monkeys
  2 bullfrog zombies
  3 hounds
  4 jellies
  5 orc priests
  2 centaur skeletons
  An iguana (D:4)
  Ijyb (D:3)
  Terence (D:2)
  Natasha (thrice) (D:4)
  A merfolk siren (Sewer)
  8 orc wizards
  A merfolk avatar (Sewer)
  A killer bee zombie (D:6)
  5 ogre zombies (D:10)
  A howler monkey zombie (D:9)
  3 gnolls (D:11)
  12 adders
  5 river rats
  A white imp (D:6)
  10 worms
  2 dart slugs
  21 orcs
  6 ball pythons
  8 bats
  7 endoplasms
  7 giant cockroaches
  5 hobgoblins
  19 kobolds
  2 quokkas (Sewer)
  7 frilled lizards
  5 goblins
  A goblin skeleton (D:10)
  A goblin zombie (D:10)
  2 hobgoblin skeletons (D:10)
  3 hobgoblin zombies (D:10)
  3 orc skeletons (D:10)
  10 orc zombies (D:10)
  26 rats
437 creatures vanquished.

Vanquished Creatures (collateral kills)
  Frances (D:12)
  An orc warlord (Orc:1)
  A vault guard (D:13)
  2 boulder beetles
  A centaur warrior (D:14)
  A catoblepas (Lair:6)
  10 hydras
  11 death yaks
  A two-headed ogre (D:13)
  2 orc high priests (Orc:2)
  2 orc knights (Orc:2)
  2 oklob plants (Lair:5)
  A wolf spider (Lair:6)
  2 deep elf pyromancers (D:13)
  An orc sorcerer (Orc:1)
  5 ugly things
  A cyclops (D:15)
  5 black mambas
  A guardian serpent (Lair:6)
  5 komodo dragons
  4 cane toads
  3 kobold demonologists
  A yaktaur (D:13)
  A troll (Orc:2)
  A hornet (Lair:6)
  A polar bear (Lair:5)
  A wind drake (Lair:4)
  3 slime creatures (D:13)
  8 blink frogs
  6 dream sheep (Lair:6)
  A jumping spider (Lair:4)
  2 shadows
  2 wraiths
  A yak (Lair:6)
  A basilisk (Lair:6)
  4 wyverns (Lair:6)
  4 redbacks (Lair:6)
  5 vampire mosquitoes
  A basilisk (shapeshifter) (D:14)
  A naga (shapeshifter) (D:14)
  11 water moccasins
  5 orc warriors
  A centaur (D:14)
  4 wolves (Lair:5)
  5 orc priests (Orc:2)
  2 orc wizards (Orc:1)
  An ogre zombie (D:10)
  A gnoll (D:11)
  2 orcs
  A hobgoblin zombie (D:10)
  3 kobolds (D:11)
  4 orc zombies (D:10)
  4 bushes (Lair:6)
151 creatures vanquished.

Vanquished Creatures (others)
  2 orc knights
  An orc high priest (Lair:5)
  7 orc warriors
  9 orc priests
  A hound (D:4)
  2 orc wizards
  25 orcs
  49 fungi
  113 plants
209 creatures vanquished.

Grand Total: 797 creatures vanquished

Notes
Turn   | Place    | Note
-------+----------+-------------------------------------------
     0 | D:1      | croobank the Hill Orc Fighter began the quest for the Orb.
     0 | D:1      | Reached XP level 1. HP: 19/19 MP: 1/1
   356 | D:1      | Reached skill level 3 in Axes
   356 | D:1      | Reached XP level 2. HP: 22/27 MP: 2/2
   757 | D:1      | Found a faded altar of an unknown god.
  1084 | D:2      | Reached XP level 3. HP: 17/33 MP: 3/3
  1382 | D:2      | Found Naczag's Magic Scroll Boutique.
  1391 | D:2      | Bought 2 scrolls of identify for 56 gold pieces
  1415 | D:2      | Found a broken altar of Ashenzari.
  1484 | D:2      | Reached XP level 4. HP: 40/41 MP: 4/4
  1634 | D:2      | Noticed Terence
  1646 | D:2      | Killed Terence
  2148 | D:2      | Reached skill level 4 in Axes
  2148 | D:2      | Reached XP level 5. HP: 19/47 MP: 5/5
  2493 | D:3      | Found a glowing drain.
  2532 | Sewer    | Entered a sewer
  2733 | Sewer    | Reached skill level 5 in Fighting
  2733 | Sewer    | Reached XP level 6. HP: 26/56 MP: 6/6
  3355 | D:3      | Found an ancient bone altar of Kikubaaqudgha.
  3591 | D:3      | Noticed Ijyb
  3597 | D:3      | Killed Ijyb
  3626 | D:3      | Found a radiant altar of Vehumet.
  3935 | D:3      | Reached skill level 5 in Axes
  4383 | D:4      | Reached skill level 5 in Armour
  4383 | D:4      | Reached skill level 5 in Shields
  4383 | D:4      | Reached XP level 7. HP: 54/61 MP: 7/7
  4478 | D:4      | Became a worshipper of Beogh the Brigand
  4642 | D:4      | Found a runed translucent gate.
  4642 | D:4      | Found a runed translucent gate.
  4642 | D:4      | Found a runed translucent gate.
  4647 | D:4      | Noticed crimpus's ghost (novice DjFE)
  4775 | D:4      | Noticed Natasha
  4783 | D:4      | Killed Natasha
  4888 | D:4      | Noticed Natasha
  4896 | D:4      | Killed Natasha
  5094 | D:4      | Noticed Natasha
  5098 | D:4      | Killed Natasha
  5107 | D:5      | Entered Level 5 of the Dungeon
  5182 | D:5      | Reached skill level 6 in Axes
  5196 | D:5      | Found a staircase to the Ecumenical Temple.
  5320 | D:5      | Reached XP level 8. HP: 68/71 MP: 8/8
  6204 | D:6      | Reached * piety under Beogh
  6205 | D:6      | Reached skill level 7 in Axes
  6917 | D:7      | Reached XP level 9. HP: 65/80 MP: 9/9
  7236 | D:7      | Reached skill level 8 in Axes
  7242 | D:7      | Found Ytydifogh's Mayhem Merchandise.
  7255 | D:7      | Bought a +0 battleaxe for 97 gold pieces
  7656 | D:7      | Noticed Prince Ribbit
  7702 | D:7      | Killed Prince Ribbit
  8315 | D:8      | Reached skill level 9 in Axes
  8468 | D:8      | Reached XP level 10. HP: 56/91 MP: 10/10
  8512 | D:8      | Reached ** piety under Beogh
  9125 | D:9      | Found Ofaxar's Book Emporium.
  9284 | D:9      | Reached skill level 10 in Axes
  9762 | D:9      | Reached skill level 11 in Axes
  9931 | D:10     | Entered Level 10 of the Dungeon
  9941 | D:10     | Found Gozag's Platinum Reserve.
  9943 | D:10     | Found an opulent altar of Gozag.
  9966 | D:10     | You fall into a shaft and drop 2 floors!
  9976 | D:12     | Reached *** piety under Beogh
 10042 | D:12     | Found Fyroiluxe's Assorted Antiques.
 10066 | D:11     | Killed an unseen horror
 10067 | D:11     | Reached skill level 12 in Axes
 10297 | D:11     | Found a staircase to the Lair.
 10400 | D:11     | Noticed a cyclops
 10404 | D:11     | Killed a cyclops
 10405 | D:11     | Reached skill level 13 in Axes
 10409 | D:11     | Found an ancient bone altar of Kikubaaqudgha.
 10440 | D:11     | Noticed a brown ugly thing
 10447 | D:11     | Killed a brown ugly thing
 10465 | D:11     | Found a transporter.
 10492 | D:11     | Found a viscous altar of Jiyva.
 10503 | D:10     | Noticed Psyche
 10507 | D:10     | Killed Psyche
 10508 | D:10     | Reached skill level 14 in Axes
 10508 | D:10     | Reached XP level 11. HP: 97/97 MP: 11/11
 10671 | D:10     | Reached skill level 15 in Axes
 10698 | D:10     | Found a runed translucent door.
 10721 | D:10     | Noticed a fire giant
 10909 | D:10     | Found a shimmering blue altar of Sif Muna.
 11138 | D:10     | Found a staircase to the Orcish Mines.
 11157 | D:10     | Reached **** piety under Beogh
 11641 | D:11     | Found a transporter.
 11646 | D:11     | Noticed a great orb of eyes
 11738 | D:11     | Reached skill level 16 in Axes
 11954 | D:11     | Identified the +1 robe of Dim Light {Will++}
 11995 | D:11     | Gained Urtork as an ally
 12164 | D:11     | Noticed a cyclops
 12170 | D:11     | Killed a cyclops
 12171 | D:11     | Reached skill level 17 in Axes
 12321 | D:11     | Noticed a green ugly thing
 12327 | D:11     | Killed a green ugly thing
 12597 | Lair:1   | Entered Level 1 of the Lair of Beasts
 13190 | Lair:1   | Noticed Harold
 13200 | Lair:1   | Killed Harold
 13201 | Lair:1   | Reached skill level 18 in Axes
 13262 | Lair:1   | Reached XP level 12. HP: 103/104 MP: 12/12
 13816 | Lair:2   | Reached skill level 19 in Axes
 14285 | Lair:3   | Noticed Snorg
 14293 | Lair:3   | Killed Snorg
 14320 | Lair:3   | Reached ***** piety under Beogh
 14765 | Lair:3   | Reached skill level 20 in Axes
 14929 | Lair:3   | Found a snail-covered altar of Cheibriados.
 15805 | Lair:4   | Found a hole to the Spider Nest.
 15817 | Lair:4   | Reached skill level 21 in Axes
 15857 | Lair:4   | Your ally Urtork died
 15870 | Lair:4   | Found a frozen archway.
 16066 | Lair:4   | Noticed a death yak
 16073 | Lair:4   | Noticed a death yak
 16073 | Lair:4   | Noticed a death yak
 16073 | Lair:4   | Noticed a death yak
 16074 | Lair:4   | Noticed a death yak
 16095 | Lair:4   | Noticed a death yak
 16099 | Lair:4   | Killed a death yak
 16100 | Lair:4   | Noticed a death yak
 16109 | Lair:4   | Noticed a death yak
 16109 | Lair:4   | Noticed a death yak
 16109 | Lair:4   | Noticed a death yak
 16109 | Lair:4   | Noticed a death yak
 16361 | Lair:4   | Noticed a four-headed hydra
 16530 | Orc:1    | Entered Level 1 of the Orcish Mines
 16542 | Orc:1    | Found Fan Yreg's Weapon Boutique.
 16559 | Orc:1    | Found Noodgheg's Antique Armour Shoppe.
 16596 | Orc:1    | Noticed an orc warlord
 16603 | Orc:1    | Paralysed by an orc sorcerer for 2 turns
 16609 | Orc:1    | Reached XP level 13. HP: 109/109 MP: 10/13
 16610 | Orc:1    | Paralysed by an orc sorcerer for 2 turns
 16610 | Orc:1    | Killed an orc warlord
 16611 | Orc:1    | Reached skill level 22 in Axes
 16868 | Orc:1    | Found a runed translucent door.
 16868 | Orc:1    | Found a shimmering altar of Xom.
 16868 | Orc:1    | Noticed pkoi's ghost (journeyman DrWr)
 16928 | Orc:1    | Found a roughly hewn altar of Beogh.
 17097 | Orc:1    | Found Gotabrosi's Armour Shoppe.
 17222 | Orc:2    | Entered Level 2 of the Orcish Mines
 17502 | D:12     | Noticed Frances
 17514 | D:12     | Killed Frances
 17566 | D:12     | Bought a bronze ring for 145 gold pieces
 18091 | D:12     | Reached skill level 23 in Axes
 18631 | D:12     | Noticed Kirke
 18638 | D:12     | Killed Kirke
 19319 | D:13     | Noticed a vault guard
 19338 | D:13     | Killed a vault guard
 19354 | D:13     | Found a gate to the Vaults.
 19692 | D:13     | Reached skill level 24 in Axes
 21130 | Orc:2    | Found a staircase to the Elven Halls.
 21316 | Orc:2    | Reached skill level 25 in Axes
 21466 | Orc:2    | Reached XP level 14. HP: 73/118 MP: 14/14
 21716 | Orc:2    | Found Juwoh's Assorted Antiques.
 21717 | Orc:2    | Found Kymetillo's Distillery.
 21717 | Orc:2    | Found Heshrai's General Store.
 21718 | Orc:2    | Found Lumeop's Magic Scroll Shop.
 21724 | Orc:2    | Bought a scroll of identify for 30 gold pieces
 21724 | Orc:2    | Bought a scroll of identify for 30 gold pieces
 21724 | Orc:2    | Bought a scroll of teleportation for 45 gold pieces
 21724 | Orc:2    | Bought a scroll of teleportation for 45 gold pieces
 22552 | Lair:4   | Reached skill level 26 in Axes
 22829 | Lair:4   | Found a staircase to the Shoals.
 23311 | Lair:5   | Reached ****** piety under Beogh
 23490 | Lair:5   | Gained Boldo as an ally
 24192 | Lair:5   | Found a staircase to the Slime Pits.
 24262 | Lair:6   | Entered Level 6 of the Lair of Beasts
 24369 | Lair:6   | Reached skill level 27 in Axes
 24374 | Lair:6   | Reached skill level 1 in Invocations
 24556 | Lair:6   | Gained Arkwar as an ally
 24732 | Lair:6   | Reached skill level 10 in Fighting
 24870 | Lair:6   | Found an opulent altar of Gozag.
 25084 | Lair:6   | Reached XP level 15. HP: 127/127 MP: 18/18
 25639 | Lair:6   | Reached skill level 5 in Invocations
 26705 | D:14     | Reached skill level 10 in Armour
 27831 | D:15     | Entered Level 15 of the Dungeon
 27843 | D:15     | Gained Berold as an ally
 27866 | D:15     | Found Vicwom's General Store.
 27870 | D:15     | Bought a potion of invisibility for 104 gold pieces
 28057 | D:15     | HP: 4/195 [something (15)]
 28057 | D:15     | Mangled by a freezing wraith

Illustrated notes

Levels and vault maps discovered:
D:1:      lightli_iron_boxes, layout_loops_corners,
          shapermc_ecumenical_altar_mp_urbaneastern, nrook_mini_backslash
D:2:      layout_basic, serial_shops, shop, basic_altar, uniq_terence
D:3:      layout_basic, mainiacjoe_overflow_concentric_impassable,
          vehumet_crystals, lightli_sewer_entry_pipes, uniq_ijyb
D:4:      layout_gridville, gammafunk_ghost_necromancy, uniq_natasha
D:5:      layout_rooms, minmay_temple_entry_grid, serial_park_tiny_2
D:6:      layout_basic
D:7:      layout_basic, minmay_shop_mayhem, uniq_prince_ribbit1
D:8:      layout_cave_pools
D:9:      layout_stronghold, serial_shops, shop
D:10:     layout_roguey, kennysheep_little_box, nicolae_gozag_zags_fifth_avenue,
          zombieorc2_lemuel, minivault_13, uniq_psyche
D:11:     gammafunk_jiyva_shrine, layout_stronghold, david_lair_shrubbed,
          kiku_gazebo_pond_becter
D:12:     layout_layer_cave, serial_shops, nicolae_diamond_shop, uniq_kirke,
          uniq_frances
D:13:     layout_basic, david_vaults_5
D:14:     layout_loops_cross, kennysheep_flooded_box
D:15:     grunt_enter_depths_giant_problem, layout_gridville, serial_shops,
          shop, minmay_misc_feat_tiny
Lair:1:   hellmonk_warped_wall, layout_long_grid, serial_bayou_shore_a,
          infiniplex_staircase_pool_2, uniq_harold
Lair:2:   layout_regular_city
Lair:3:   layout_gridlike, kennysheep_snail_temple, uniq_snorg
Lair:4:   layout_hall_layers, minmay_shoals_entry_beasts,
          spider_nest_entry_funnel_web, portal_ice_cave_entry_pillars_1,
          evilmike_ambush [evilmike_ambush_outer_basic,
          evilmike_ambush_inner_basic]
Lair:5:   layout_roguey, minmay_slime_entry_oklob_open,
          lightli_volcano_entry_magma_tube, lemuel_fruit_tree,
          grunt_megastairs_5
Lair:6:   hangedman_lair_tendril_chambers, layout_big_grid, basic_altar
Orc:1:    layout_caves, serial_shops, shop, nicolae_shop_behind_doors,
          nicolae_shop_bloodbath_and_beyond, ebering_ghost_xom, mines1_david
Orc:2:    st_orc_pillars, layout_diamond_mine, abandoned_shop

Skill      XL: |  1  2  3  4  5  6  7  8  9 10 11 12 13 14 15 |
---------------+----------------------------------------------+-----
Axes           | 3 4 5 6 7 9 14 18 21 25 27 | 27.0
Fighting       | 4 5 6 7 9 10 11 | 11.2
Armour         | 4 5 6 8 9 10 | 10.3
Shields        | 4 5 6 8 |  8.5
Invocations    | 4 6 |  6.9

Action                   |  1- 3 |  4- 6 |  7- 9 | 10-12 | 13-15 || total
-------------------------+-------+-------+-------+-------+-------++-------
Melee: War axe           |    88 |   339 |   339 |    37 |       ||   803
       Unarmed           |       |       |     4 |       |       ||     4
       Battleaxe         |       |       |       |   259 |   298 ||   557
       Dagger            |       |       |       |       |    47 ||    47
Throw: Boomerang         |       |       |       |     5 |     5 ||    10
       Dart              |       |       |       |       |     1 ||     1
       Javelin           |       |       |       |       |     3 ||     3
Invok: Convert to Beogh  |       |       |     1 |       |       ||     1
       Recall Orcish Fol |       |       |       |     3 |     3 ||     6
       Smiting           |       |       |       |     1 |     4 ||     5
Evoke: Wand              |       |     5 |     2 |    14 |     5 ||    26
       Phantom mirror    |       |       |       |     1 |     1 ||     2
  Use: Potion            |     1 |     3 |     1 |     1 |     3 ||     9
       Scroll            |     3 |     4 |     2 |    22 |    10 ||    41
 Stab: Distracted        |       |       |       |     3 |     6 ||     9
Armor: Scale mail        |    51 |   173 |   134 |       |       ||   358
       Chain mail        |       |       |    54 |    80 |       ||   134
       Swamp dragon scal |       |       |       |    42 |       ||    42
       Plate armour      |       |       |       |       |   239 ||   239
Dodge: Dodged            |    36 |   158 |   137 |   104 |   133 ||   568
Block: Buckler           |    14 |    60 |    77 |     5 |       ||   156
